[Event "Titled Tuesday Blitz May 9 Late 2023"]
[White "FuenfgegenWilly"]
[Black "Mikhalsky, Vladimir"]
[BlackFideId "14144352"]
[WhiteElo "2326"]
[BlackElo "2236"]
[Result "0-1"]
[Round "05"]
[TimeControl "180+2"]
[Date "2023.05.09"]
[WhiteClock "0:00:35"]
[BlackClock "0:01:00"]

1. Nf3 c5 2. c4 Nf6 3. b3 d5 4. cxd5 Nxd5 5. Bb2 Nc6 6. g3 f6 7. Bg2 e5 8. O-O Be6 9. d3 Qd7 10. Nbd2 Be7 11. e3 Ndb4 12. d4 cxd4 13. exd4 Nd3 14. Qc2 Nxb2 15. Qxb2 exd4 16. Rfe1 O-O 17. Rad1 Bb4 18. a3 Bc3 19. Qb1 Bf5 20. Qa2 Rfe8 21. Rxe8+ Rxe8 22. Nc4 Bg4 23. b4 Kh8 24. Qb3 Qf7 25. Na5 Qxb3 26. Nxb3 Ne5 27. Nxe5 Bxd1 28. Nf7+ Kg8 29. Bd5 Bxb3 30. Bxb3 Re1+ 31. Kg2 Kf8 32. Nd6 d3 33. Nb5 Bb2 34. a4 d2 35. Nc3 Bxc3 0-1


[Site "https://www.chess.com"]

[Event "Titled Tuesday Blitz May 9 Late 2023"]
[White "Vega Gutierrez, Sabrina"]
[Black "De Souza, Cristiano Gomes"]
[WhiteFideId "2219026"]
[BlackFideId "2151758"]
[WhiteElo "2209"]
[BlackElo "2068"]
[Result "1-0"]
[Round "05"]
[TimeControl "180+2"]
[Date "2023.05.09"]
[WhiteClock "0:02:33"]
[BlackClock "0:02:26"]

1. e4 c5 2. Nf3 d6 3. d4 cxd4 4. Qxd4 Nf6 5. Nc3 Nc6 6. Bb5 Bd7 7. Bxc6 Bxc6 8. Bg5 e6 9. O-O-O Be7 10. Qd3 Qa5 11. h4 h6 12. Bd2 Qc7 13. Nd4 O-O-O 14. Ndb5 Bxb5 15. Nxb5 Qa5 16. Bxa5 1-0


[Site "https://www.chess.com"]

[Event "Titled Tuesday Blitz May 9 Late 2023"]
[White "Ward, Ieuan C"]
[Black "Kovalevsky, Stanislav"]
[WhiteFideId "406627"]
[BlackFideId "13508598"]
[WhiteElo "2309"]
[BlackElo "2174"]
[Result "1-0"]
[Round "05"]
[TimeControl "180+2"]
[Date "2023.05.09"]
[WhiteClock "0:00:23"]
[BlackClock "0:00:05"]

1. d4 Nf6 2. c4 e6 3. Nf3 b6 4. g3 Bb7 5. Bg2 d5 6. Ne5 Nbd7 7. O-O Be7 8. Nc3 O-O 9. cxd5 exd5 10. Nxd7 Qxd7 11. Bg5 Rfe8 12. Rc1 Ne4 13. Nxe4 dxe4 14. Bxe7 Rxe7 15. e3 Rd8 16. Qb3 Bd5 17. Qa3 a5 18. b3 Qd6 19. Qxd6 Rxd6 20. Rc2 Kf8 21. Rfc1 c6 22. Rc3 Ke8 23. a3 Ra7 24. Kf1 Rh6 25. h4 Kd7 26. Ke2 Rf6 27. g4 h6 28. Rg1 b5 29. g5 hxg5 30. hxg5 Rd6 31. Bh3+ Ke7 32. Rg4 b4 33. axb4 axb4 34. Rc2 Ra3 35. Bg2 Re6 36. Rb2 Rxb3 37. Rxb3 Bxb3 38. Bxe4 Bd5 39. Bf5 Rd6 40. e4 Bc4+ 41. Ke3 b3 42. e5 Rd8 43. Kd2 b2 44. Kc3 Rb8 45. Kxc4 b1=Q 46. Bxb1 Rxb1 47. g6 Rc1+ 48. Kd3 Rf1 49. Ke3 Re1+ 50. Kd3 Rd1+ 51. Ke2 Ra1 52. gxf7 Kxf7 53. Rf4+ Ke6 54. Rg4 Ra4 55. Rxg7 Rxd4 56. Ke3 Ra4 57. f4 c5 58. Rc7 Ra3+ 59. Ke4 Ra4+ 60. Kf3 Kf5 61. Rf7+ Ke6 62. Rf6+ Kd5 63. e6 Kd6 64. f5 c4 65. Rf8 c3 66. Rc8 Ke5 67. e7 Kxf5 68. e8=Q Rf4+ 69. Ke3 Re4+ 70. Qxe4+ 1-0


[Site "https://www.chess.com"]

[Event "Titled Tuesday Blitz May 9 Late 2023"]
[White "Boder, Jan"]
[Black "Urbina Perez, Juan Antonio"]
[WhiteFideId "16243226"]
[BlackFideId "2217368"]
[WhiteElo "2241"]
[BlackElo "2197"]
[Result "0-1"]
[Round "05"]
[TimeControl "180+2"]
[Date "2023.05.09"]
[WhiteClock "0:00:00"]
[BlackClock "0:00:14"]

1. e4 e5 2. f4 d5 3. Nf3 exf4 4. exd5 Nf6 5. Be2 Nxd5 6. O-O Bd6 7. c4 Nf6 8. d4 c5 9. Kh1 cxd4 10. Nxd4 O-O 11. Bxf4 Bxf4 12. Rxf4 Re8 13. Nc3 Na6 14. Ndb5 Qb6 15. Qf1 Be6 16. Bd3 Nc5 17. Bc2 a6 18. Nd4 Ncd7 19. b3 Qc5 20. Rd1 b5 21. Nxe6 Rxe6 22. Ne4 Qc7 23. Ng5 Rd6 24. Re1 bxc4 25. Qf3 Rc8 26. b4 h6 27. Ne4 Nxe4 28. Bxe4 Nf6 29. Bc2 c3 30. Rf1 Qc6 31. Qg3 Nh5 32. Qg4 Nxf4 33. Qxf4 Rf6 34. Qc1 Rxf1+ 35. Qxf1 Rd8 36. h3 Qf6 0-1


[Site "https://www.chess.com"]

[Event "Titled Tuesday Blitz May 9 Late 2023"]
[White "Villuendas Valero, Adrian"]
[Black "mjelcic"]
[WhiteFideId "2262460"]
[WhiteElo "2328"]
[BlackElo "2227"]
[Result "1-0"]
[Round "05"]
[TimeControl "180+2"]
[Date "2023.05.09"]
[WhiteClock "0:00:44"]
[BlackClock "0:00:29"]

1. d4 d5 2. Bg5 c6 3. e3 Nf6 4. Bxf6 exf6 5. Nd2 Bf5 6. c4 Nd7 7. cxd5 cxd5 8. Ne2 Rc8 9. Nc3 Qa5 10. a3 Qb6 11. Qb3 Qxb3 12. Nxb3 Nb6 13. Na5 Rc7 14. Be2 Bd6 15. Bf3 O-O 16. Nb5 Rd7 17. Nxd6 Rxd6 18. Nxb7 Rc6 19. Nc5 Be4 20. Nxe4 dxe4 21. Bxe4 Re6 22. Bd3 Na4 23. b3 Nb6 24. Kd2 g6 25. Rhc1 f5 26. g3 Rc8 27. Rxc8+ Nxc8 28. Rc1 Ne7 29. Rc7 Nc6 30. d5 1-0


[Site "https://www.chess.com"]

[Event "Titled Tuesday Blitz May 9 Late 2023"]
[White "lluiss"]
[Black "merinasian"]
[WhiteElo "2294"]
[BlackElo "2429"]
[Result "0-1"]
[Round "05"]
[TimeControl "180+2"]
[Date "2023.05.09"]
[WhiteClock "0:00:05"]
[BlackClock "0:00:42"]

1. Nf3 Nf6 2. c4 e6 3. b3 b6 4. g3 Bb7 5. Bg2 g6 6. Bb2 Bg7 7. O-O O-O 8. d3 d6 9. e4 Nbd7 10. Re1 e5 11. Nc3 c5 12. a3 Ne8 13. b4 f5 14. bxc5 Nxc5 15. exf5 gxf5 16. d4 exd4 17. Nxd4 Bxg2 18. Kxg2 f4 19. Nd5 f3+ 20. Kh1 Qd7 21. Re3 Qg4 22. Nf4 Rxf4 23. Nxf3 Rf7 24. Bxg7 Nxg7 25. Qd5 Rf8 26. Ng5 Qf5 27. Nxf7 Qxd5+ 28. cxd5 Kxf7 29. Rae1 Nf5 30. Rf3 Kg7 31. Rf4 Nd3 32. Rg4+ Kh8 33. Re6 Nxf2+ 0-1


[Site "https://www.chess.com"]

[Event "Titled Tuesday Blitz May 9 Late 2023"]
[White "Van Baar, Esper"]
[Black "Avalos Parra, Joao"]
[WhiteFideId "1049321"]
[BlackFideId "3402541"]
[WhiteElo "2184"]
[BlackElo "2173"]
[Result "0-1"]
[Round "05"]
[TimeControl "180+2"]
[Date "2023.05.09"]
[WhiteClock "0:00:03"]
[BlackClock "0:00:31"]

1. e4 e5 2. Nf3 Nc6 3. Bc4 Bc5 4. c3 Nf6 5. d3 O-O 6. O-O d6 7. h3 a5 8. a4 Ba7 9. Re1 Ne7 10. Be3 Bxe3 11. Rxe3 Ng6 12. d4 c6 13. Na3 exd4 14. cxd4 d5 15. exd5 Nxd5 16. Bxd5 Qxd5 17. Qb3 Qh5 18. Rae1 Be6 19. Qxb7 Bd5 20. Ne5 Nxe5 21. Rxe5 Qg6 22. g3 h6 23. Nc2 Rab8 24. Qd7 Qxc2 0-1


[Site "https://www.chess.com"]

[Event "Titled Tuesday Blitz May 9 Late 2023"]
[White "Qiao, Cindy"]
[Black "Horokoskii"]
[WhiteFideId "2620243"]
[WhiteElo "1777"]
[BlackElo "2107"]
[Result "1-0"]
[Round "05"]
[TimeControl "180+2"]
[Date "2023.05.09"]
[WhiteClock "0:00:12"]
[BlackClock "0:00:00"]

1. d4 Nf6 2. Bf4 g6 3. e3 Bg7 4. Nf3 O-O 5. Bd3 d6 6. c4 c5 7. Nc3 Nbd7 8. O-O a6 9. Re1 Nh5 10. Bg5 h6 11. Bh4 g5 12. Bg3 Nxg3 13. hxg3 Qb6 14. Qc2 cxd4 15. exd4 g4 16. Nh4 Qxd4 17. Nf5 Qf6 18. Nxe7+ Kh8 19. Ned5 Qd4 20. Rad1 Ne5 21. b3 Nxd3 22. Rxd3 Qa7 23. Rde3 Be6 24. Nf4 Bd4 25. R3e2 Bd7 26. Ncd5 Bc6 27. Qf5 Rae8 28. Rxe8 Bxf2+ 29. Kh2 Bxe8 30. Rxe8 Rxe8 31. Qxf7 Bxg3+ 32. Kxg3 Re3+ 33. Kxg4 h5+ 34. Qxh5+ Kg8 35. Nf6+ Kf8 36. Ng6+ Kg7 37. Qf5 Qd4+ 38. Nf4 Qxf6 39. Qd7+ Re7 40. Nh5+ Kg6 41. Nxf6 Kxf6 42. Qxd6+ Re6 43. Qf4+ Ke7 44. Qc7+ Kf6 45. Qxb7 a5 46. Qd5 Kg6 47. Qxe6+ 1-0


[Site "https://www.chess.com"]

[Event "Titled Tuesday Blitz May 9 Late 2023"]
[White "Ardila, Oscar Humberto"]
[Black "Janaszak, Dawid"]
[WhiteFideId "4404742"]
[BlackFideId "1119206"]
[WhiteElo "1918"]
[BlackElo "2220"]
[Result "0-1"]
[Round "05"]
[TimeControl "180+2"]
[Date "2023.05.09"]
[WhiteClock "0:00:10"]
[BlackClock "0:00:14"]

1. d4 Nf6 2. c4 e5 3. dxe5 Ng4 4. Nf3 Bc5 5. e3 Nc6 6. Be2 Ncxe5 7. Nbd2 a5 8. O-O Ra6 9. Nxe5 Nxe5 10. Nf3 Ng4 11. h3 h5 12. Bd2 Rg6 13. Bc3 d6 14. Bd3 f5 15. Qc2 O-O 16. hxg4 hxg4 17. Nd4 Qh4 18. Rfe1 b5 19. Bxf5 Rh6 20. Kf1 Bxd4 21. Bxc8 Bxc3 22. bxc3 Qh1+ 23. Ke2 Qxg2 24. Rf1 Rhf6 25. Kd3 bxc4+ 26. Kxc4 Rxc8 27. Rad1 Qc6+ 28. Kd3 d5 29. Qb3 a4 30. Qb4 Qe8 31. Qxg4 c5 32. Rg1 Rc7 33. Qg5 Qb5+ 34. c4 Qxc4+ 35. Kd2 Rxf2+ 36. Ke1 Qe2# 0-1


[Site "https://www.chess.com"]

[Event "Titled Tuesday Blitz May 9 Late 2023"]
[White "ArtemDyachuk"]
[Black "Celestino, Rafael Teixeira"]
[BlackFideId "2108925"]
[WhiteElo "2509"]
[BlackElo "2322"]
[Result "1-0"]
[Round "05"]
[TimeControl "180+2"]
[Date "2023.05.09"]
[WhiteClock "0:01:35"]
[BlackClock "0:00:27"]

1. Nf3 Nf6 2. c4 Nc6 3. d4 d5 4. cxd5 Nxd5 5. e4 Nb6 6. d5 Nb8 7. a4 g6 8. Qd4 f6 9. Nc3 Bg7 10. a5 N6d7 11. Bc4 O-O 12. h4 f5 13. e5 h5 14. Ne2 Kh7 15. Ng5+ Kh8 16. Ne6 Bxe5 17. Qe3 f4 18. N2xf4 Qe8 19. Bd2 Rg8 20. Nxh5 Rf8 21. d6 gxh5 22. Qh6+ Kg8 23. Nxf8+ e6 24. Bxe6+ Qf7 25. Qh7+ Kxf8 26. Qxf7# 1-0


[Site "https://www.chess.com"]

[Event "Titled Tuesday Blitz May 9 Late 2023"]
[White "TheKnightOfBosnia"]
[Black "Smiechu"]
[WhiteElo "2474"]
[BlackElo "2314"]
[Result "1/2-1/2"]
[Round "05"]
[TimeControl "180+2"]
[Date "2023.05.09"]
[WhiteClock "0:00:16"]
[BlackClock "0:00:42"]

1. e4 c5 2. Nf3 g6 3. d4 cxd4 4. Nxd4 Nc6 5. c4 Bg7 6. Be3 Nf6 7. f3 O-O 8. Nc3 d6 9. Be2 Nxd4 10. Bxd4 Be6 11. b3 Qa5 12. O-O Rfb8 13. Rc1 a6 14. a4 Rc8 15. Kh1 Qb4 16. Re1 Nd7 17. Bxg7 Kxg7 18. Qd4+ Kg8 19. Rb1 Nc5 20. Bd1 b5 21. axb5 axb5 22. Rg1 bxc4 23. bxc4 Qxc4 24. Qxc4 Bxc4 25. Be2 Bxe2 26. Nxe2 Ra2 27. Nf4 Rca8 28. Rgc1 Rd2 29. Rd1 Raa2 30. Rxd2 Rxd2 31. h3 Nd3 32. Nd5 e6 33. Nf6+ Kg7 34. Ne8+ Kf8 35. Rb8 Ke7 36. Nc7 Nf4 37. Rb7 Kf6 38. Ne8+ Kg5 39. Rxf7 e5 40. Rxh7 Nxg2 41. Nxd6 Ne1 42. h4+ Kf4 43. Rf7+ Kg3 44. Nc4 Rh2+ 45. Kg1 Rg2+ 46. Kf1 Nxf3 47. Rxf3+ Kxf3 48. Nxe5+ Kg3 49. Nxg6 Ra2 50. e5 Kf3 51. Ke1 Ke4 52. e6 Kf5 53. e7 Ra8 54. h5 Kg5 55. Ke2 Kxh5 56. Nf4+ Kg5 57. Ne6+ Kf6 58. Nc7 Ra2+ 59. Kd3 Kxe7 60. Nd5+ Kd6 61. Nc3 Ra3 62. Kc4 Ra1 63. Kd4 Rh1 64. Ne4+ Kc6 65. Nc3 Rh4+ 66. Kd3 Kc5 67. Ne4+ Kd5 68. Nc3+ Ke5 69. Ke3 Rh3+ 70. Kd2 Kd4 71. Ne2+ Kc4 72. Nf4 Rf3 73. Ne2 Rd3+ 74. Kc2 Ra3 75. Kd2 Kd5 76. Nc3+ Kd4 77. Nb5+ Kc4 78. Nxa3+ 1/2-1/2


[Site "https://www.chess.com"]

[Event "Titled Tuesday Blitz May 9 Late 2023"]
[White "Zampronha, Wladimir Camilo"]
[Black "Herman, Daniel"]
[WhiteFideId "2103087"]
[BlackFideId "30935008"]
[WhiteElo "2176"]
[BlackElo "1897"]
[Result "0-1"]
[Round "05"]
[TimeControl "180+2"]
[Date "2023.05.09"]
[WhiteClock "0:00:00"]
[BlackClock "0:00:15"]

1. e4 Nf6 2. e5 Nd5 3. d4 d6 4. c4 Nb6 5. exd6 exd6 6. Nc3 Be7 7. h3 O-O 8. Nf3 Nc6 9. Be2 Bf5 10. O-O Bf6 11. Bf4 Re8 12. Rc1 d5 13. c5 Nc8 14. Bb5 N8e7 15. Re1 Rf8 16. Ne5 Bxe5 17. dxe5 d4 18. Ne4 Nd5 19. Bg3 Nde7 20. Nd2 Nb4 21. Qb3 Nbd5 22. Bc4 Be6 23. Nf3 Nc6 24. Qd1 Nde7 25. Re4 Bxc4 26. Rxc4 Nf5 27. Bh2 Qd5 28. Qd3 Rad8 29. g4 Nfe7 30. Nxd4 Ng6 31. f4 Nh4 32. Kf2 f5 33. gxf5 Nxf5 34. e6 Ncxd4 35. e7 Nxe7 36. Rcxd4 Qxc5 0-1


[Site "https://www.chess.com"]

[Event "Titled Tuesday Blitz May 9 Late 2023"]
[White "Martic, Ivan"]
[Black "Nastase, Robert-Paul"]
[WhiteFideId "929301"]
[BlackFideId "1221175"]
[WhiteElo "2360"]
[BlackElo "2175"]
[Result "1/2-1/2"]
[Round "05"]
[TimeControl "180+2"]
[Date "2023.05.09"]
[WhiteClock "0:01:14"]
[BlackClock "0:00:10"]

1. Nf3 d5 2. g3 Nf6 3. Bg2 e6 4. O-O Be7 5. d3 O-O 6. Nbd2 b6 7. e4 dxe4 8. Ng5 Bb7 9. Ndxe4 Nxe4 10. Nxe4 Qc8 11. a4 Nd7 12. a5 Nf6 13. a6 Bd5 14. Qe2 c5 15. Bg5 Rd8 16. Bxf6 Bxf6 17. Nxf6+ gxf6 18. Qg4+ Kh8 19. Qh4 Kg7 20. Rfe1 Bxg2 21. Kxg2 Qc6+ 22. Kg1 Rd4 23. Re4 Rad8 24. Rae1 h6 25. R1e3 f5 26. Rf4 Rxf4 27. gxf4 Kh7 28. Rg3 Rg8 29. Rxg8 Kxg8 30. Qxh6 Qf3 31. Qg5+ Kf8 32. Qd8+ Kg7 33. Qc7 Qd1+ 34. Kg2 Qg4+ 35. Kf1 Qd1+ 36. Kg2 Qg4+ 37. Kf1 Qd1+ 38. Kg2 1/2-1/2


[Site "https://www.chess.com"]

[Event "Titled Tuesday Blitz May 9 Late 2023"]
[White "MunichMouse"]
[Black "Perez Rodriguez, Jennifer"]
[BlackFideId "3507831"]
[WhiteElo "2280"]
[BlackElo "2116"]
[Result "0-1"]
[Round "05"]
[TimeControl "180+2"]
[Date "2023.05.09"]
[WhiteClock "0:00:00"]
[BlackClock "0:00:27"]

1. d4 d5 2. c4 c6 3. Nf3 Nf6 4. e3 e6 5. Nc3 Nbd7 6. b3 Bb4 7. Bd2 O-O 8. Bd3 Re8 9. a3 Bxc3 10. Bxc3 Ne4 11. Bb2 f5 12. Nd2 Qg5 13. O-O Ndf6 14. Qe2 Bd7 15. f3 Nxd2 16. Qxd2 Rf8 17. a4 Be8 18. Ba3 Rf7 19. Bd6 Rd7 20. Be5 Bg6 21. Rfe1 Rad8 22. Qb4 Nh5 23. f4 Qh4 24. Qc5 a6 25. b4 Nf6 26. Bxf6 Qxf6 27. b5 axb5 28. cxb5 Be8 29. bxc6 Rc7 30. Bb5 Bxc6 31. Rec1 Rdc8 32. Qb6 Qe7 33. Be2 Ra8 34. a5 Rcc8 35. a6 Qd7 36. axb7 Bxb7 37. Rxc8+ Qxc8 38. Rxa8 Bxa8 39. h3 Bc6 40. Kh2 Bd7 41. Qd6 Kf7 42. Ba6 Qc6 0-1


[Site "https://www.chess.com"]

[Event "Titled Tuesday Blitz May 9 Late 2023"]
[White "Lacey, Patrick"]
[Black "Romero Ruscalleda, Josep"]
[WhiteFideId "2032007"]
[BlackFideId "2231859"]
[WhiteElo "2448"]
[BlackElo "2183"]
[Result "1-0"]
[Round "05"]
[TimeControl "180+2"]
[Date "2023.05.09"]
[WhiteClock "0:00:17"]
[BlackClock "0:00:00"]

1. c4 g6 2. Nc3 Bg7 3. g3 d6 4. Bg2 c5 5. Nf3 Nc6 6. O-O Nf6 7. a3 O-O 8. Rb1 Bf5 9. d3 e5 10. b4 Rc8 11. Nd2 b6 12. Nde4 Nxe4 13. Nxe4 Qd7 14. e3 h6 15. Qa4 Be6 16. Nc3 f5 17. Nd5 Kh7 18. Bd2 Rf7 19. Qb3 Ne7 20. e4 f4 21. gxf4 Bxd5 22. cxd5 exf4 23. Qd1 Bd4 24. Qf3 g5 25. Qh5 Rcf8 26. Bh3 Qd8 27. bxc5 bxc5 28. Kh1 Qc7 29. Rb5 Kg7 30. Rfb1 Ng6 31. Be6 Re7 32. Bf5 Nh4 33. f3 Nxf5 34. exf5 Rxf5 35. Rb8 Rff7 36. Ra8 Qd7 37. Rbb8 Qf5 38. Rh8 Kf6 39. Rxh6+ Ke5 40. Rg6 Qxd3 41. Qxg5+ Rf5 42. Qxe7+ Kxd5 43. Qe4+ Qxe4 44. fxe4+ Kxe4 45. Rxd6 f3 46. Be1 Rg5 47. Re8+ Kd3 48. Bf2 Rg2 49. Bxd4 cxd4 50. Rf6 Ra2 51. Rxf3+ Kc4 52. h4 Ra1+ 53. Kg2 Ra2+ 54. Rf2 Rxa3 55. h5 Ra5 56. Rf3 Rxh5 57. Ra8 Rh7 58. Rf4 Rg7+ 59. Kf3 Kc3 60. Rc8+ Kd3 61. Rd8 Re7 62. Rdxd4+ Kc3 63. Ra4 Kb3 64. Ra1 a5 65. Rfa4 Rf7+ 66. Ke4 Re7+ 67. Kf5 Rf7+ 68. Kg6 Ra7 69. Rxa5 Rd7 70. R5a3+ Kb2 71. R3a2+ Kb3 72. Rf2 Rd6+ 73. Rf6 Rd4 74. Rg1 Kc4 75. Rg5 Kd3 76. Kh5 Kc4 77. Rg4 Rxg4 78. Kxg4 1-0


[Site "https://www.chess.com"]

[Event "Titled Tuesday Blitz May 9 Late 2023"]
[White "Martin Barcelo, Carles"]
[Black "Cooklev, Steven"]
[WhiteFideId "24561444"]
[BlackFideId "2050552"]
[WhiteElo "2089"]
[BlackElo "2273"]
[Result "0-1"]
[Round "05"]
[TimeControl "180+2"]
[Date "2023.05.09"]
[WhiteClock "0:00:00"]
[BlackClock "0:00:01"]

1. e4 c5 2. Nf3 Nc6 3. Nc3 Nf6 4. e5 Ng4 5. Qe2 f6 6. exf6 Nxf6 7. g3 g6 8. Bg2 Bg7 9. O-O O-O 10. d3 d6 11. h3 h6 12. Re1 e5 13. Be3 Rb8 14. Nd2 Nd4 15. Bxd4 cxd4 16. Nd5 Be6 17. Nxf6+ Qxf6 18. Ne4 Qe7 19. c4 dxc3 20. Nxc3 Qf7 21. Ne4 d5 22. Nc5 Bf5 23. Rac1 b6 24. Na6 Rbc8 25. Nb4 Rxc1 26. Rxc1 e4 27. dxe4 Bxe4 28. Bxe4 dxe4 29. Nc6 Re8 30. Rd1 Qf6 31. Nxa7 Qxb2 32. Qxb2 Bxb2 33. Nc6 e3 34. fxe3 Rxe3 35. Kf2 Ra3 36. Rb1 Rxa2 37. Kf3 Ra3+ 38. Ke4 Bf6 39. Rxb6 Rxg3 40. Rb8+ Kf7 41. Rb7+ Kg8 42. Kd5 Rxh3 43. Ke6 Bg7 44. Rb8+ Kh7 45. Ne7 Re3+ 46. Kf7 Rg3 47. Rc8 Rf3+ 48. Ke6 Rf6+ 49. Kd7 h5 50. Nd5 Rf2 51. Ke6 h4 52. Rc4 g5 53. Ne3 Rf4 54. Rxf4 gxf4 55. Ng4 Kg6 56. Kd5 Kf5 57. Nh2 h3 58. Nf3 Kg4 59. Ke4 Kg3 60. Ng1 h2 61. Ne2+ Kf2 0-1


[Site "https://www.chess.com"]

[Event "Titled Tuesday Blitz May 9 Late 2023"]
[White "Svicevic, Rastko"]
[Black "Golubev, Mikhail"]
[WhiteFideId "916315"]
[BlackFideId "14100983"]
[WhiteElo "2115"]
[BlackElo "2374"]
[Result "0-1"]
[Round "05"]
[TimeControl "180+2"]
[Date "2023.05.09"]
[WhiteClock "0:01:44"]
[BlackClock "0:01:32"]

1. d4 Nf6 2. Bg5 Ne4 3. Bf4 c5 4. f3 Nf6 5. dxc5 Qa5+ 6. c3 Qxc5 7. e4 d5 8. e5 Nfd7 9. Qd2 Nc6 10. Be3 Qa5 11. f4 e6 12. Nf3 b5 13. b4 Nxb4 14. cxb4 Bxb4 15. Nc3 Bxc3 0-1


[Site "https://www.chess.com"]

[Event "Titled Tuesday Blitz May 9 Late 2023"]
[White "Harish, Neeraj"]
[Black "ElenGajger"]
[WhiteFideId "30958130"]
[WhiteElo "1879"]
[BlackElo "2402"]
[Result "0-1"]
[Round "05"]
[TimeControl "180+2"]
[Date "2023.05.09"]
[WhiteClock "0:00:04"]
[BlackClock "0:00:48"]

1. e4 c5 2. Nf3 g6 3. d4 cxd4 4. Nxd4 Bg7 5. c4 Nc6 6. Be3 Nf6 7. Nc3 O-O 8. Be2 d6 9. O-O Bd7 10. Nc2 a5 11. f4 Nb4 12. Rc1 Bc6 13. Bf3 Nxc2 14. Qxc2 Nd7 15. Rcd1 a4 16. Nd5 Bxd5 17. cxd5 Qa5 18. Rc1 Qb4 19. b3 axb3 20. axb3 Nc5 21. Qc4 Qxb3 22. Qxb3 Nxb3 23. Rc7 Nc5 24. Rxe7 Bf6 25. Rc7 Bd8 26. Rxc5 dxc5 27. Bxc5 Re8 28. e5 Rc8 29. Bb4 Rc4 30. Bd2 Bb6+ 31. Kh1 Rc2 32. Rd1 Rec8 33. h3 Bf2 34. Kh2 h5 35. d6 h4 36. Bxb7 Rb8 37. Bf3 Bg3+ 38. Kh1 Kf8 39. Be1 Bxe1 40. Rxe1 Rd2 41. Rd1 Rxd1+ 42. Bxd1 Rb1 43. Kh2 Rxd1 44. g3 Rd2+ 45. Kg1 hxg3 46. h4 Ke8 47. Kh1 Kd7 48. h5 gxh5 49. f5 h4 50. Kg1 h3 51. Kh1 Rd1# 0-1


[Site "https://www.chess.com"]

[Event "Titled Tuesday Blitz May 9 Late 2023"]
[White "K2JW"]
[Black "Rodriguez Santiago, Jaime"]
[BlackFideId "3100898"]
[WhiteElo "2397"]
[BlackElo "2025"]
[Result "0-1"]
[Round "05"]
[TimeControl "180+2"]
[Date "2023.05.09"]
[WhiteClock "0:00:00"]
[BlackClock "0:00:50"]

1. d4 Nf6 2. c4 e6 3. Nf3 d5 4. Nc3 c5 5. cxd5 Nxd5 6. e4 Nxc3 7. bxc3 cxd4 8. cxd4 Bb4+ 9. Bd2 Bxd2+ 10. Qxd2 O-O 11. Bc4 Nd7 12. O-O b6 13. Rad1 Bb7 14. Rfe1 Rc8 15. Bb3 h6 16. h3 Qc7 17. d5 Nc5 18. d6 Qd8 19. Bc2 Nd7 20. Bb1 e5 21. a3 Qf6 22. Ba2 Rfd8 23. Bd5 Nc5 24. Re3 Rd7 25. Bxb7 Nxb7 26. Rd3 Rcd8 27. Qb2 Rxd6 28. Rxd6 Rxd6 29. Rxd6 Nxd6 30. Qxe5 Qxe5 31. Nxe5 Nxe4 32. Nc6 a5 33. Ne7+ Kf8 34. Nd5 b5 35. f3 Nc5 36. Kf2 Ne6 0-1


[Site "https://www.chess.com"]

[Event "Titled Tuesday Blitz May 9 Late 2023"]
[White "Gatterer, Florian"]
[Black "Leschinsky, Gary"]
[WhiteFideId "811688"]
[BlackFideId "30951321"]
[WhiteElo "2221"]
[BlackElo "1855"]
[Result "1-0"]
[Round "05"]
[TimeControl "180+2"]
[Date "2023.05.09"]
[WhiteClock "0:00:16"]
[BlackClock "0:01:18"]

1. d4 Nf6 2. Bf4 e6 3. Nc3 d5 4. Nb5 Bb4+ 5. c3 Ba5 6. a4 a6 7. b4 Nc6 8. bxa5 axb5 9. axb5 Nxa5 10. e3 O-O 11. Nf3 Bd7 12. Bd3 c5 13. bxc6 Bxc6 14. O-O Nd7 15. Bd6 Re8 16. Bb4 Nc4 17. Qc2 h6 18. Bxc4 dxc4 19. e4 Nf6 20. Nd2 b5 21. Rfb1 Qd7 22. f3 Rxa1 23. Rxa1 Ra8 24. Rxa8+ Bxa8 25. Qa2 Bc6 26. Qa6 Qb7 27. Qa5 Qa8 28. Qc7 Qb7 29. Qd8+ Kh7 30. Be7 Nd7 31. Qe8 Kg6 32. Qd8 Nf6 33. Bxf6 gxf6 34. Qg8+ Kh5 35. Qg4# 1-0


[Site "https://www.chess.com"]

[Event "Titled Tuesday Blitz May 9 Late 2023"]
[White "Skaric, Djuro"]
[Black "Escalante Ramirez, Rafael"]
[WhiteFideId "934569"]
[BlackFideId "3900177"]
[WhiteElo "2282"]
[BlackElo "2246"]
[Result "1-0"]
[Round "05"]
[TimeControl "180+2"]
[Date "2023.05.09"]
[WhiteClock "0:01:22"]
[BlackClock "0:00:00"]

1. g3 Nf6 2. Bg2 c5 3. d3 g6 4. Nc3 Bg7 5. e4 d6 6. h3 Nc6 7. f4 Rb8 8. g4 O-O 9. Nge2 Ne8 10. O-O b5 11. Ng3 b4 12. Nce2 Nc7 13. g5 Nb5 14. e5 Bb7 15. Ne4 Ncd4 16. exd6 exd6 17. N2g3 Ne6 18. f5 Bd4+ 19. Kh1 Nec7 20. Qg4 d5 21. Nf6+ Bxf6 22. gxf6 Qxf6 23. Bh6 Rfe8 24. Nh5 Qd4 25. fxg6 hxg6 26. Nf6+ Kh8 27. Rf4 Qxb2 28. Raf1 1-0


[Site "https://www.chess.com"]

[Event "Titled Tuesday Blitz May 9 Late 2023"]
[White "Smith, Garrett L"]
[Black "micke12a"]
[WhiteFideId "2024829"]
[WhiteElo "2235"]
[BlackElo "2364"]
[Result "0-1"]
[Round "05"]
[TimeControl "180+2"]
[Date "2023.05.09"]
[WhiteClock "0:00:00"]
[BlackClock "0:00:02"]

1. e4 c5 2. a3 Nc6 3. b4 b6 4. b5 Nb8 5. Bb2 Bb7 6. d3 d6 7. g3 Nf6 8. Bg2 g6 9. Ne2 Bg7 10. O-O O-O 11. Nd2 Nbd7 12. h3 a6 13. a4 axb5 14. axb5 Qc7 15. f4 e6 16. g4 Rxa1 17. Qxa1 Ra8 18. Qb1 c4 19. g5 cxd3 20. cxd3 Nh5 21. Rc1 Qd8 22. Bf3 e5 23. Bxh5 gxh5 24. h4 exf4 25. Bxg7 Kxg7 26. Nxf4 Ne5 27. Nxh5+ Kg8 28. Nf6+ Kg7 29. d4 Ng6 30. h5 Nf4 31. h6+ Kh8 32. e5 Ng6 33. Nc4 dxe5 34. d5 Rc8 35. Kf2 Qe7 36. Nxb6 Rd8 37. Qb2 Nf4 38. Qc2 Ng6 39. Qf5 Qb4 40. Nc4 Qc5+ 41. Kg3 Bxd5 42. Nxe5 Qd6 43. Ng4 Re8 44. Re1 Be6 45. Qf6+ Kg8 46. Kh3 Bxg4+ 47. Kxg4 Qxf6 48. gxf6 Rxe5 0-1


[Site "https://www.chess.com"]

[Event "Titled Tuesday Blitz May 9 Late 2023"]
[White "Chemin, Justo Reinaldo"]
[Black "Figorito, Nick"]
[WhiteFideId "2101580"]
[BlackFideId "30923689"]
[WhiteElo "1940"]
[BlackElo "2361"]
[Result "1/2-1/2"]
[Round "05"]
[TimeControl "180+2"]
[Date "2023.05.09"]
[WhiteClock "0:00:11"]
[BlackClock "0:00:03"]

1. d4 Nf6 2. g4 Nxg4 3. e4 d5 4. h3 Nf6 5. e5 Nfd7 6. f4 e6 7. Nf3 c5 8. c3 Nc6 9. Be3 Qb6 10. Qb3 Qxb3 11. axb3 cxd4 12. Bxd4 Nxd4 13. Nxd4 Bc5 14. Nb5 O-O 15. Bd3 a6 16. Nd4 Bxd4 17. cxd4 f6 18. Nd2 fxe5 19. fxe5 Nb8 20. Ke2 Nc6 21. Ke3 Bd7 22. Rhg1 Rf7 23. Rg3 Raf8 24. Rag1 g6 25. Nf3 Ne7 26. h4 Nf5+ 27. Bxf5 Rxf5 28. Ng5 Rf2 29. h5 Rxb2 30. hxg6 Rxb3+ 31. Kd2 Rxg3 32. gxh7+ Kh8 33. Rxg3 a5 34. Rc3 Rc8 35. Rh3 Rf8 36. Rc3 Rc8 37. Rh3 Rf8 38. Rc3 1/2-1/2


[Site "https://www.chess.com"]

[Event "Titled Tuesday Blitz May 9 Late 2023"]
[White "Gerbelli Neto, Eduardo"]
[Black "Barria Santos, Jose Guilherme"]
[WhiteFideId "2103281"]
[BlackFideId "1939300"]
[WhiteElo "2178"]
[BlackElo "2266"]
[Result "1-0"]
[Round "05"]
[TimeControl "180+2"]
[Date "2023.05.09"]
[WhiteClock "0:00:09"]
[BlackClock "0:00:10"]

1. e4 a6 2. c4 e5 3. Nc3 c6 4. Nf3 d6 5. d4 exd4 6. Qxd4 b5 7. Be3 b4 8. Na4 c5 9. Qd2 Bd7 10. b3 Nf6 11. Bd3 Bxa4 12. bxa4 Nc6 13. O-O Be7 14. Rad1 O-O 15. Bc2 Qc8 16. Bf4 Rd8 17. h3 h6 18. Qe3 Qe6 19. Qd3 Ne5 20. Bxe5 dxe5 21. Qe2 Rd4 22. Nxd4 cxd4 23. f4 Nd7 24. f5 Qb6 25. Bd3 Bg5 26. Qb2 Nc5 27. Qc2 a5 28. Kh1 Qc6 29. Qe2 Qxa4 30. g3 Qc6 31. h4 Bf6 32. Kh2 a4 33. Kh3 b3 34. Rb1 a3 35. axb3 a2 36. Ra1 Qb7 37. Qc2 Ra3 38. Rfd1 Qb4 39. Rxa2 Rxb3 40. Rb1 Rxb1 41. Qxb1 Qxb1 42. Bxb1 h5 43. Ra8+ Kh7 44. Rc8 Nb3 45. Bd3 Be7 46. g4 hxg4+ 47. Kxg4 Nc1 48. Bc2 d3 49. Bd1 Na2 50. Kf3 Nc3 51. Bb3 d2 52. c5 d1=Q+ 53. Bxd1 Nxd1 54. c6 Bd6 55. Rd8 Bc7 56. Rxd1 Kh6 57. Rd7 Ba5 58. Rxf7 1-0


[Site "https://www.chess.com"]